 Dungeon Crawl Stone Soup version 0.28-a0-861-ge64d6db94f (webtiles) character file.

Game seed: 7465553564715085424

31 spiderkeys the Grasshopper (level 3, -1/33 HPs)
             Began as a Naga Warper on Nov 16, 2021.
             Slain by a goblin (2 damage)
             ... on level 1 of the Dungeon.
             The game lasted 00:02:13 (1227 turns).

spiderkeys the Grasshopper (Naga Warper)            Turns: 1227, Time: 00:02:13

Health: -1/33      AC:  4    Str: 13    XL:     3   Next: 22%
Magic:  6/6        EV:  9    Int: 13    God:
Gold:   20         SH:  0    Dex: 11    Spells: 6/6 levels left

rFire   . . .      SeeInvis +   a - +0 spear
rCold   . . .      Faith    .   (no shield)
rNeg    . . .      Spirit   .   b - +0 leather armour
rPois   +          Reflect  .   (helmet restricted)
rElec   .          Harm     .   (no cloak)
rCorr   .          Rampage  .   (no gloves)
Will    .....                   (no barding)
Stlth   ++........              (no amulet)
HPRegen 0.11/turn               (no ring)
MPRegen 0.10/turn               (no ring)

@: very slow
A: AC +1, large, see invisible, deformed body, poison resistance, slowness 2,
spit poison 1, naga tail 1, horns 1, iridescent scales 1
a: Spit Poison


You were on level 1 of the Dungeon.
You visited 1 branch of the dungeon, and saw 1 of its levels.

You collected 20 gold pieces.


Innate Abilities, Weirdness & Mutations

Your serpentine skin is tough. (AC +1)
You have supernaturally acute eyesight. (SInv)
Armour fits poorly on your strangely shaped body.
Your system is resistant to poisons. (rPois)
You cover ground very slowly.
You can spit poison.
You have a snake-like lower body.
You have a pair of small horns on your head.
You are partially covered in iridescent scales. (AC +2)


   Skills:
 + Level 2.3 Fighting
 + Level 2.3 Polearms
 - Level 0.8 Throwing
 - Level 0.7 Armour
 + Level 1.9 Dodging
 + Level 1.9 Stealth
 - Level 2.0 Spellcasting
 + Level 3.2 Translocations


You had 6 spell levels left.
You didn't know any spells.
Your spell library contained the following spells:

 Spells                   Type           Power      Damage    Failure   Level
 Blink                    Tloc           18%        N/A       13%         2
 Gell's Gravitas          Tloc           9%         N/A       26%         3
 Lesser Beckoning         Tloc           9%         N/A       26%         3
 Teleport Other           Tloc           9%         N/A       26%         3
 Ensorcelled Hibernation  Hex/Ice        2%         N/A       43%         2
 Spider Form              Tmut/Pois      1%         N/A       67%         3
 Manifold Assault         Tloc           9%         N/A       93%         5

Inventory:

Hand Weapons
 a - a +0 spear (weapon)
Missiles
 d - a boomerang of dispersal (quivered) {=f!f}
 f - 47 stones
Armour
 b - a +0 leather armour (worn)
Magical Staves
 g - a staff of fire {!a}
   (You found it on level 1 of the Dungeon)

Dungeon Overview and Level Annotations

Branches:
Dungeon (1/15)

Altars:

.......gg.#...# #..#..######..
.......โ€ ..#...#
#..##........ยง
..........#...######.......####.
..#######........#............#.
. #........#............#.
#........#.............. #..โ€
....)#..............
#...................#...
#.....g@............#...
#.).....................
#...................#...
#...............>#.##...
#................#.##...
#................#.##...
#................#.##...
#######..........#.#####
#..........#.#


You could see a goblin.


Message History

๐Ÿ˜จ HP[-9]
You take 9 damage, and now have 11/33 hp.
MASSIVE DAMAGE!! (PAUSE)
You hit the hobgoblin. The hobgoblin barely misses you. x2
The ball python bites you.
* * * LOW HITPOINT WARNING * * *
The goblin hits you with a +0 club.
* * * LOW HITPOINT WARNING * * *
The rat bites you.
* * * LOW HITPOINT WARNING * * *
๐Ÿ˜ฑ HP[-8]
You take 8 damage, and now have 3/33 hp.
MASSIVE DAMAGE!! (PAUSE) It was a potion of mutation.
You feel extremely strange. A pair of horns grows on your head!
Iridescent scales grow over part of your body.
The ball python barely misses you. The hobgoblin misses you. x2
The goblin closely misses you. The rat bites you.
* * * LOW HITPOINT WARNING * * *
๐Ÿ˜ฑ HP[-1]
You take 1 damage, and now have 2/33 hp.
You aren't carrying any potions.
Really read
c - a scroll of blinking {!r}?
Blink to where?
Press: ? - help, Dir - move target
As you read the scroll of blinking {!r}, it crumbles to dust.
Really fire
d - 5 boomerangs of dispersal {=f!f}?
You don't know any spells.
Unknown command.
You don't know any spells.
Unknown command.
Really fire
d - 5 boomerangs of dispersal {=f!f}?
There are monsters nearby!
Unknown command.
Throw: 5 boomerangs (disperse) {=f!f}
Press: ? - help, Shift-Dir - straight line, f - goblin
Aim: a goblin, wielding a +0 club (47% to hit)
You throw a boomerang of dispersal {=f!f}.
The boomerang of dispersal {=f!f} hits the goblin but does no damage.
Okay, then.
You aren't carrying any potions.
Okay, then.
As you read the scroll labelled KEONTI RAUZ, it crumbles to dust.
You hear a loud clanging noise!
It was a scroll of noise.
Throw: 4 boomerangs (disperse) {=f!f}
Press: ? - help, Shift-Dir - straight line, f - hobgoblin, p - goblin
Aim: a hobgoblin (almost dead, 56% to hit)
You throw a boomerang of dispersal {=f!f}.
The boomerang of dispersal {=f!f} hits the ball python.
The ball python blinks!
You kill the ball python!
You don't have any such object.
Fire/throw which item? (* to show all) (? for menu, Esc to quit)
Okay, then.
Unknown command.
Throw: 3 boomerangs (disperse) {=f!f}
Press: ? - help, Shift-Dir - straight line, f/p - hobgoblin
Aim: a hobgoblin (almost dead, 56% to hit)
You throw a boomerang of dispersal {=f!f}.
The boomerang of dispersal {=f!f} hits the hobgoblin.
The hobgoblin blinks!
You feel a bit more experienced.
You aren't carrying any potions.
You aren't carrying any scrolls.
Throw: 2 boomerangs (disperse) {=f!f}
Press: ? - help, Shift-Dir - straight line, f - hobgoblin
Aim: a hobgoblin (moderately wounded, 56% to hit)
You throw a boomerang of dispersal {=f!f}.
The boomerang of dispersal {=f!f} barely misses the hobgoblin. ๐Ÿ˜ฑ HP[+1]
You hit the rat.
You kill the rat!
Reach: a) +0 spear
Press: ? - help, Dir - move target, f/p - hobgoblin
Aim: a hobgoblin (moderately wounded, about 40% to evade your +0 spear)
You reach to attack!
You hit the hobgoblin but do no damage.
Reach: a) +0 spear
Press: ? - help, Dir - move target, f/p - hobgoblin
Aim: a hobgoblin (moderately wounded, about 40% to evade your +0 spear)
You closely miss the hobgoblin. You headbutt the hobgoblin.
The hobgoblin hits you but does no damage.
The goblin closely misses you.
Reach: a) +0 spear
Press: ? - help, Dir - move target, f/p - hobgoblin
Aim: a hobgoblin (severely wounded, about 40% to evade your +0 spear)
You hit the hobgoblin.
You kill the hobgoblin!
The goblin hits you with a +0 club.
* * * LOW HITPOINT WARNING * * *
๐Ÿ˜ฑ HP[-2]
You take 2 damage, and now have 1/33 hp.
Reach: a) +0 spear
Press: ? - help, Dir - move target, f - goblin
Aim: a goblin, wielding a +0 club (about 47% to evade your +0 spear)
You hit the goblin. The goblin hits you but does no damage.
Reach: a) +0 spear
Press: ? - help, Dir - move target, f/p - goblin
Aim: a goblin, wielding a +0 club (severely wounded, about 47% to evade your +0 spear)
You closely miss the goblin. The goblin hits you with a +0 club.
You die...

Skill      XL: |  1  2 |
---------------+-------+-----
Stealth        | 1 |  1.9
Fighting       | |  2.3
Polearms       | |  2.3
Throwing       | |  0.8
Armour         | |  0.7
Dodging        | |  1.9
Spellcasting   | |  2.0
Translocations | |  3.2

Action                   || total
-------------------------++-------
Melee: Spear             ||    73
       Headbutt          ||     1
Throw: Boomerang         ||     4
  Use: Scroll            ||     2
       Potion            ||     1
 Stab: Sleeping          ||     1
Armor: Leather armour    ||    12
Dodge: Dodged            ||    28

Levels and vault maps discovered:
D:1:      dpeg_arrival_rooms_with_view, layout_basic,
          dreamdust_ecumenical_altar_drowned_temple

Notes
Turn   | Place    | Note
-------+----------+-------------------------------------------
     0 | D:1      | spiderkeys the Naga Warper began the quest for the Orb.
     0 | D:1      | Reached XP level 1. HP: 19/19 MP: 3/3
     0 | D:1      | magus.rc [v1.9.10]
    15 | D:1      | HP: 3/19 [dart slug/slug dart (3)]
   285 | D:1      | You pick up a book of Dreams and begin reading...
   285 | D:1      | You add the spells Ensorcelled Hibernation and Spider Form
                  | to your library.
   366 | D:1      | Reached XP level 2. HP: 26/26 MP: 5/5
   389 | D:1      | Reached skill level 1 in Stealth
  1020 | D:1      | Found a faded altar of an unknown god.
  1028 | D:1      | Reached XP level 3. HP: 32/32 MP: 6/6
  1214 | D:1      | HP: 8/33 [ball python (3)]
  1214 | D:1      | HP: 3/33 [rat (1)]
  1215 | D:1      | Gained mutation: You have a pair of small horns on your
                  | head. [potion of mutation]
  1215 | D:1      | Gained mutation: You are partially covered in iridescent
                  | scales. (AC +2) [potion of mutation]
  1225 | D:1      | HP: 1/33 [goblin (2)]
  1227 | D:1      | Slain by a goblin

Vanquished Creatures
  A dart slug (D:1)
  4 ball pythons (D:1)
  3 endoplasms (D:1)
  2 giant cockroaches (D:1)
  2 goblins (D:1)
  5 hobgoblins (D:1)
  A quokka (D:1)
  4 bats (D:1)
  A kobold (D:1)
  2 rats (D:1)
  A spectral goblin (D:1)
26 creatures vanquished.

Table legend:
 A = Non-vault XP
 B = Vault XP
 C = Vault XP percentage of total XP
 D = Non-vault monster count
 E = Vault monster count
 F = Vault count percentage of total count
                 A         B        C        D         E       F
            +---------+---------+-------+---------+---------+-------
      Total |      38 |       7 |  15.6 |      23 |       3 |  11.5
            +---------+---------+-------+---------+---------+-------
        D:1 |      38 |       7 |  15.6 |      23 |       3 |  11.5
            +---------+---------+-------+---------+---------+-------

Illustrated notes

Table legend:
 A = Kills in this place as a percentage of kills in entire the game.
 B = Kills by you in this place as a percentage of kills by you in the entire game.
 C = Kills by friends in this place as a percentage of kills by friends in the entire game.
 D = Other kills in this place as a percentage of other kills in the entire game.
 E = Experience gained in this place as a percentage of experience gained in the entire game.
 F = Experience gained in this place divided by the number of levels of this place that you have seen.
                   A       B       C       D       E      F
               +-------+-------+-------+-------+-------+----------------------
         Total | 100.0 | 100.0 |   N/A |   N/A | 100.0 |  45.0
       Dungeon | 100.0 | 100.0 |   N/A |   N/A | 100.0 |  45.0
               +-------+-------+-------+-------+-------+----------------------

Table legend: (Time is in decaauts)
 A = Elapsed time spent in this place.
 B = Non-inter-level travel time spent in this place.
 C = Inter-level travel time spent in this place.
 D = Time resting spent in this place.
 E = Time spent auto-exploring this place.
 F = Levels seen in this place.
 G = Mean time per level.
                   A        B        C        D        E       F      G
               +--------+--------+--------+--------+--------+-----+--------+
         Total |   1412 |   1412 |      0 |    262 |    986 |   1 | 1412.0 |
       Dungeon |   1412 |   1412 |      0 |    262 |    986 |   1 | 1412.0 |
               +--------+--------+--------+--------+--------+-----+--------+

Top non-repeatable levels by time:
     D:1: 1412 daAuts
